NYP
LOWELL SPINNERS @ MINNESOTA (NYP) TWINS
05/05/2044
 
TOP OF THE 1ST
Lowell Spinners batting - Pitching for Minnesota (NYP) Twins : RHP Dean Huch
Pitching: RHP Dean Huch
Batting: RHB Nick Cottrell 0-0: Called Strike
0-1: Swinging Strike
0-2: Ball
1-2: Ball
2-2: Fly out, F4 (Popup, 34S, EV 82.5 MPH)
Batting: RHB Trent Hood 0-0: Ball
1-0: Ball
2-0: Swinging Strike
2-1: Ball
3-1: Foul Ball, location: 2F
3-2: Foul Ball, location: 2F
3-2: Fly out, F8 (Flyball, 8RXD, EV 98.1 MPH)
Batting: LHB Noel Young 0-0: Called Strike
0-1: Fly out, F9 (Flyball, 89M, EV 81.9 MPH)
Top of the 1st over - 0 runs, 0 hits, 0 errors, 0 left on base; Lowell 0 - Minnesota (NYP) 0
BOTTOM OF THE 1ST
Minnesota (NYP) Twins batting - Pitching for Lowell Spinners : LHP Eric Del Sordo
Pitching: LHP Eric Del Sordo
Batting: RHB David Nardone 0-0: Foul Ball, location: 2F
0-1: Ground out U3 (Groundball, 3, EV 88.1 MPH)
Batting: RHB Tony Crespo 0-0: SINGLE (Groundball, 4M, EV 102.5 MPH) (infield hit)
Batting: RHB Miguel Diaz 0-0: Ball
1-0: Ball
Tony Crespo steals 2nd base (no throw)
2-0: Called Strike
2-1: Foul Ball, location: 2F
2-2: Ball
3-2: Foul Ball, location: 2F
3-2: Foul Ball, location: 2F
3-2: SINGLE (Groundball, P, EV 88.8 MPH) (infield hit)
Tony Crespo to third
Batting: RHB Sean Gould 0-0: Foul Ball, location: 2F
0-1: Ball
1-1: Ball
2-1: DOUBLE (Line Drive, 7LD, EV 113.1 MPH)
Tony Crespo scores
Miguel Diaz to third
Runner from 3rd tries for Home, SAFE, no throw by LF
Batting: RHB Graham Calvert 0-0: Ball
1-0: SINGLE (Flyball, 8RS, EV 93.1 MPH)
Sean Gould to third
Runner from 3rd tries for Home, SAFE, throw by RF to home
Graham Calvert to second
Batting: LHB Seung-jun Chang 0-0: Foul Ball, location: 2F
0-1: Swinging Strike
0-2: Ground out 5-3 (Groundball, 56, EV 98.8 MPH)
Batting: SHB Donell Burney 0-0: Ground out U3 (Groundball, 3, EV 83.1 MPH)
Bottom of the 1st over - 3 runs, 4 hits, 0 errors, 1 left on base; Lowell 0 - Minnesota (NYP) 3
TOP OF THE 2ND
Lowell Spinners batting - Pitching for Minnesota (NYP) Twins : RHP Dean Huch
Batting: LHB Nelis Geurts 0-0: Called Strike
0-1: Foul Ball, location: 2F
0-2: Ground out 4-3 (Groundball, 4, EV 108.8 MPH)
Batting: LHB Danny Montoya 0-0: Ball
1-0: Ball
2-0: Foul Ball, location: 2F
2-1: Ground out U3 (Groundball, 34, EV 78.8 MPH)
Batting: RHB Jose Diaz 0-0: SINGLE (Line Drive, 56D, EV 101.2 MPH)
Batting: LHB Masumi Abe 0-0: Called Strike
0-1: Ball
Jose Diaz steals 2nd base
1-1: Ball
2-1: DOUBLE (Line Drive, 8LXD, EV 97.5 MPH)
Jose Diaz scores
Batting: RHB Joel Vazquez 0-0: Foul Ball, location: 2F
0-1: Foul Ball, location: 2F
0-2: DOUBLE (Line Drive, 5D, EV 109.4 MPH)
Masumi Abe scores
Batting: RHB Jose Conde 0-0: Ball
1-0: Called Strike
1-1: Foul Ball, location: 2F
1-2: Strikes out swinging
Top of the 2nd over - 2 runs, 3 hits, 0 errors, 1 left on base; Lowell 2 - Minnesota (NYP) 3
BOTTOM OF THE 2ND
Minnesota (NYP) Twins batting - Pitching for Lowell Spinners : LHP Eric Del Sordo
Batting: RHB Alex Loaiza 0-0: Ball
1-0: Ground out 5-3 (Groundball, 56, EV 104.4 MPH)
Batting: RHB Ruben Torres 0-0: Foul Ball, location: 2F
0-1: Ball
1-1: Swinging Strike
1-2: Fly out, F4 (Line Drive, 4, EV 70.6 MPH)
Batting: RHB David Nardone 0-0: SINGLE (Groundball, 4MD, EV 101.2 MPH)
Batting: RHB Tony Crespo 0-0: Called Strike
0-1: Foul Ball, location: 2F
0-2: Foul Ball, location: 2F
0-2: Ball
1-2: Strikes out swinging
Bottom of the 2nd over - 0 runs, 1 hit, 0 errors, 1 left on base; Lowell 2 - Minnesota (NYP) 3
TOP OF THE 3RD
Lowell Spinners batting - Pitching for Minnesota (NYP) Twins : RHP Dean Huch
Batting: RHB Nick Cottrell 0-0: Called Strike
0-1: Ball
1-1: Ball
2-1: Ball
3-1: Ground out 6-3 (Groundball, 56, EV 81.2 MPH)
Batting: RHB Trent Hood 0-0: Called Strike
0-1: Foul Ball, location: 2F
0-2: Foul Ball, location: 2F
0-2: Strikes out swinging
Batting: LHB Noel Young 0-0: Fly out, F9 (Flyball, 9LS, EV 93.1 MPH)
Top of the 3rd over - 0 runs, 0 hits, 0 errors, 0 left on base; Lowell 2 - Minnesota (NYP) 3
BOTTOM OF THE 3RD
Minnesota (NYP) Twins batting - Pitching for Lowell Spinners : LHP Eric Del Sordo
Batting: RHB Miguel Diaz 0-0: Foul Ball, location: 2F
0-1: Ball
1-1: Ball
2-1: Ball
3-1: Base on Balls
Batting: RHB Sean Gould 0-0: DOUBLE (Flyball, 89D, EV 108.8 MPH)
Miguel Diaz to third
Batting: RHB Graham Calvert 0-0: Ball
1-0: Ball
2-0: Ball
3-0: Base on Balls
Batting: LHB Seung-jun Chang 0-0: Called Strike
0-1: Foul Ball, location: 2F
0-2: Fly out, F8 (Flyball, 8RD, EV 102.5 MPH)
Runner from 3rd tags up, OUT at HOME! 8-2
Sean Gould to third
Graham Calvert to second
Batting: SHB Donell Burney 0-0: Ball
1-0: Ball
Wild Pitch!
Sean Gould scores
Graham Calvert to third
2-0: Ground out 6-3 (Groundball, 6, EV 107.5 MPH)
Bottom of the 3rd over - 1 run, 1 hit, 0 errors, 1 left on base; Lowell 2 - Minnesota (NYP) 4
TOP OF THE 4TH
Lowell Spinners batting - Pitching for Minnesota (NYP) Twins : RHP Dean Huch
Batting: LHB Nelis Geurts 0-0: Ball
1-0: SINGLE (Line Drive, 4M, EV 102.5 MPH)
Batting: LHB Danny Montoya 0-0: Foul Ball, location: 2F
0-1: Ball
1-1: Ball
2-1: Ball
3-1: Fly out, F7 (Flyball, 7LS, EV 91.9 MPH)
Batting: RHB Jose Diaz 0-0: Ball
1-0: Called Strike
1-1: Ball
2-1: Called Strike
2-2: Foul Ball, location: 2F
2-2: Grounds into double play, 4-6-3 (Groundball, 4, EV 91.2 MPH)
Top of the 4th over - 0 runs, 1 hit, 0 errors, 0 left on base; Lowell 2 - Minnesota (NYP) 4
BOTTOM OF THE 4TH
Minnesota (NYP) Twins batting - Pitching for Lowell Spinners : LHP Eric Del Sordo
Batting: RHB Alex Loaiza 0-0: Ball
1-0: Foul Ball, location: 2F
1-1: Fly out, F8 (Flyball, 8LD, EV 101.2 MPH)
Batting: RHB Ruben Torres 0-0: Foul Ball, location: 2F
0-1: Swinging Strike
0-2: Ball
1-2: Ball
2-2: Foul Ball, location: 2F
2-2: Strikes out swinging
Batting: RHB David Nardone 0-0: Fly out, F7 (Flyball, 7, EV 83.1 MPH)
Bottom of the 4th over - 0 runs, 0 hits, 0 errors, 0 left on base; Lowell 2 - Minnesota (NYP) 4
TOP OF THE 5TH
Lowell Spinners batting - Pitching for Minnesota (NYP) Twins : RHP Dean Huch
Batting: LHB Masumi Abe 0-0: Ball
1-0: Called Strike
1-1: SINGLE (Line Drive, 89M, EV 106.2 MPH)
Batting: RHB Joel Vazquez 0-0: Ball
1-0: Ball
2-0: Grounds into double play, 6-4-3 (Groundball, 6, EV 84.4 MPH)
Batting: RHB Jose Conde 0-0: Ground out 6-3 (Groundball, 6D, EV 103.1 MPH)
Top of the 5th over - 0 runs, 1 hit, 0 errors, 0 left on base; Lowell 2 - Minnesota (NYP) 4
BOTTOM OF THE 5TH
Minnesota (NYP) Twins batting - Pitching for Lowell Spinners : LHP Eric Del Sordo
Batting: RHB Tony Crespo 0-0: Called Strike
0-1: Fly out, F6 (Line Drive, 6, EV 69.4 MPH)
Batting: RHB Miguel Diaz 0-0: Fly out, F7 (Line Drive, 7, EV 98.1 MPH)
Batting: RHB Sean Gould 0-0: Ball
1-0: Ball
2-0: Foul Ball, location: 2F
2-1: Foul Ball, location: 2F
2-2: Hit by Pitch
Batting: RHB Graham Calvert 0-0: Swinging Strike
0-1: Ball
1-1: Foul Ball, location: 2F
1-2: Foul Ball, location: 2F
1-2: Ball
2-2: Ball
3-2: SINGLE (Flyball, 78S, EV 90.0 MPH)
Sean Gould to second
Sean Gould to third
Batting: LHB Seung-jun Chang 0-0: Fly out, F9 (Flyball, 89S, EV 87.5 MPH)
Bottom of the 5th over - 0 runs, 1 hit, 0 errors, 2 left on base; Lowell 2 - Minnesota (NYP) 4
TOP OF THE 6TH
Lowell Spinners batting - Pitching for Minnesota (NYP) Twins : RHP Dean Huch
Pitching: RHP Kevin Colgin
Batting: RHB Nick Cottrell 0-0: Called Strike
0-1: Foul Ball, location: 2F
0-2: Strikes out looking
Batting: RHB Trent Hood 0-0: SINGLE (Groundball, 56S, EV 72.5 MPH) (infield hit)
Batting: LHB Noel Young 0-0: Ball
1-0: Swinging Strike
1-1: Fly out, F7 (Flyball, 7S, EV 88.8 MPH)
Batting: LHB Nelis Geurts 0-0: Ball
1-0: Foul Ball, location: 2F
1-1: Called Strike
1-2: Strikes out swinging
Top of the 6th over - 0 runs, 1 hit, 0 errors, 1 left on base; Lowell 2 - Minnesota (NYP) 4
BOTTOM OF THE 6TH
Minnesota (NYP) Twins batting - Pitching for Lowell Spinners : LHP Eric Del Sordo
Batting: SHB Donell Burney 0-0: Ball
1-0: Ball
2-0: Called Strike
2-1: Ball
3-1: Swinging Strike
3-2: Strikes out swinging
Batting: RHB Alex Loaiza 0-0: Called Strike
0-1: Ball
1-1: Swinging Strike
1-2: Foul Ball, location: 2F
1-2: Ball
2-2: Strikes out swinging
Batting: RHB Ruben Torres 0-0: Foul Ball, location: 2F
0-1: Called Strike
0-2: Fly out, F5 (Popup, 6S, EV 66.2 MPH)
Bottom of the 6th over - 0 runs, 0 hits, 0 errors, 0 left on base; Lowell 2 - Minnesota (NYP) 4
TOP OF THE 7TH
Lowell Spinners batting - Pitching for Minnesota (NYP) Twins : RHP Kevin Colgin
Batting: LHB Danny Montoya 0-0: Fly out, F5 (Popup, 5, EV 68.1 MPH)
Batting: RHB Jose Diaz 0-0: Swinging Strike
0-1: Foul Ball, location: 2F
0-2: Ball
1-2: Foul Ball, location: 2F
1-2: SINGLE (Line Drive, 3D, EV 98.1 MPH)
Batting: LHB Masumi Abe 0-0: SINGLE (Groundball, 3D, EV 103.1 MPH)
Jose Diaz to second
Runner from 2nd tries for 3rd, SAFE, throw by RF made to third
Masumi Abe to second
Pitching: RHP Matt Lundy
Batting: RHB Joel Vazquez 0-0: Ball
1-0: Swinging Strike
1-1: Called Strike
1-2: Strikes out swinging
Pinch Hitting: RHB Marty King 0-0: Ball
1-0: Ball
2-0: Ball
3-0: Called Strike
3-1: Foul Ball, location: 2F
3-2: Strikes out swinging
Top of the 7th over - 0 runs, 2 hits, 0 errors, 2 left on base; Lowell 2 - Minnesota (NYP) 4
BOTTOM OF THE 7TH
Minnesota (NYP) Twins batting - Pitching for Lowell Spinners : LHP Eric Del Sordo
Pitching: RHP Jimmy Scali
Now in CF: John Chiesa
Batting: RHB David Nardone 0-0: Ball
1-0: Swinging Strike
1-1: Foul Ball, location: 2F
1-2: SINGLE (Groundball, 3S, EV 98.8 MPH)
Batting: RHB Tony Crespo 0-0: Ball
David Nardone is caught stealing 2nd base 2-4
1-0: Ball
2-0: Ball
3-0: Base on Balls
Batting: RHB Miguel Diaz 0-0: Called Strike
Tony Crespo steals 2nd base (no throw)
0-1: Foul Ball, location: 2F
0-2: Foul Ball, location: 2F
0-2: Strikes out swinging, 2-3 out at first.
Batting: RHB Sean Gould 0-0: Ball
1-0: Called Strike
1-1: Ball
2-1: Foul Ball, location: 2F
2-2: Ball
3-2: Base on Balls
Batting: RHB Graham Calvert 0-0: Called Strike
0-1: Ground out 3-1 (Groundball, 34S, EV 83.8 MPH)
Bottom of the 7th over - 0 runs, 1 hit, 0 errors, 2 left on base; Lowell 2 - Minnesota (NYP) 4
TOP OF THE 8TH
Lowell Spinners batting - Pitching for Minnesota (NYP) Twins : RHP Matt Lundy
Batting: RHB Nick Cottrell 0-0: Foul Ball, location: 2F
0-1: Fly out, F7 (Flyball, 78S, EV 88.8 MPH)
Batting: RHB Trent Hood 0-0: Ball
1-0: Called Strike
1-1: SOLO HOME RUN (Flyball, 7D, EV 96.9 MPH), Distance : 378 ft
Batting: LHB Noel Young 0-0: Ball
1-0: Called Strike
1-1: Foul Ball, location: 2F
1-2: Foul Ball, location: 2F
1-2: Fly out, F4 (Popup, 34, EV 68.1 MPH)
Batting: LHB Nelis Geurts 0-0: Hit by Pitch
Batting: LHB Danny Montoya 0-0: Ball
1-0: Ball
2-0: Ball
3-0: Base on Balls
Nelis Geurts to second
Batting: RHB Jose Diaz 0-0: Ball
1-0: Ball
2-0: Ball
3-0: Base on Balls
Nelis Geurts to third
Danny Montoya to second
Batting: LHB Masumi Abe 0-0: Ball
1-0: Foul Ball, location: 2F
1-1: Fielders Choice at 2nd, U6 (Groundball, 4MD, EV 78.1 MPH)
Top of the 8th over - 1 run, 1 hit, 0 errors, 3 left on base; Lowell 3 - Minnesota (NYP) 4
BOTTOM OF THE 8TH
Minnesota (NYP) Twins batting - Pitching for Lowell Spinners : RHP Jimmy Scali
Batting: LHB Seung-jun Chang 0-0: Ball
1-0: Called Strike
1-1: Swinging Strike
1-2: SINGLE (Groundball, 4M, EV 98.8 MPH)
Batting: SHB Donell Burney 0-0: Called Strike
Seung-jun Chang steals 2nd base
0-1: Reached on error, E4 (Groundball, 4, EV 86.2 MPH)
Seung-jun Chang to third
Batting: RHB Alex Loaiza 0-0: Ball
1-0: Ground out 4-3 (Groundball, 4, EV 84.4 MPH)
Donell Burney to second
Batting: RHB Ruben Torres 0-0: Called Strike
0-1: Swinging Strike
0-2: Ball
1-2: Strikes out swinging
Batting: RHB David Nardone 0-0: Called Strike
0-1: Ball
1-1: SINGLE (Groundball, 4MD, EV 97.5 MPH)
Seung-jun Chang scores
Donell Burney to third
Runner from 3rd tries for Home, SAFE, throw by CF to home
Batting: RHB Tony Crespo 0-0: Called Strike
David Nardone steals 2nd base
0-1: Ball
1-1: Ball
2-1: Ball
3-1: Ground out 5-3 (Groundball, 5, EV 104.4 MPH)
Bottom of the 8th over - 2 runs, 2 hits, 1 error, 1 left on base; Lowell 3 - Minnesota (NYP) 6
TOP OF THE 9TH
Lowell Spinners batting - Pitching for Minnesota (NYP) Twins : RHP Matt Lundy
Batting: RHB Joel Vazquez 0-0: Foul Ball, location: 2F
0-1: Ball
1-1: Ball
2-1: Ball
3-1: Called Strike
3-2: Foul Ball, location: 2F
3-2: Base on Balls
Batting: RHB John Chiesa 0-0: Fly out, F6 (Line Drive, 6, EV 73.1 MPH)
Batting: RHB Nick Cottrell 0-0: Called Strike
0-1: 2-RUN HOME RUN (Flyball, 7D, EV 105.0 MPH), Distance : 396 ft
Batting: RHB Trent Hood 0-0: Foul Ball, location: 2F
0-1: Foul Ball, location: 2F
0-2: Ball
1-2: Foul Ball, location: 2F
1-2: Strikes out swinging, 2-3 out at first.
Batting: LHB Noel Young 0-0: Swinging Strike
0-1: Ball
1-1: Ball
2-1: Called Strike
2-2: Strikes out swinging
Top of the 9th over - 2 runs, 1 hit, 0 errors, 0 left on base; Lowell 5 - Minnesota (NYP) 6
Thursday, March 31st , 2022 - OOTP Baseball 22.12 Build 89